 Dungeon Crawl Stone Soup version 0.28-a0-461-g2dc4ca5097 (webtiles) character file.

Game seed: 5945789151349451264

319 Rennog the Slasher (level 6, 0/51 HPs)
             Began as a Formicid Fighter on Sept 13, 2021.
             Was a Follower of the Shining One.
             Shot with a sling bullet by Joseph (16 damage)
             ... on level 7 of the Dungeon.
             The game lasted 00:05:29 (2538 turns).

Rennog the Slasher (Formicid Fighter)               Turns: 2538, Time: 00:05:29

Health: 0/51       AC:  6    Str: 20    XL:     6   Next: 75%
Magic:  0/6        EV:  9    Int:  8    God:    the Shining One [*.....]
Gold:   117        SH:  4    Dex: 12    Spells: 5/5 levels left

rFire   . . .      SeeInvis +   a - +0 long sword
rCold   . . .      Faith    .   c - +0 buckler
rNeg    + . .      Spirit   +   b - +0 scale mail
rPois   .          Reflect  .   (helmet unavailable)
rElec   .          Harm     .   (no cloak)
rCorr   .          Rampage  .   (no gloves)
Will    .....                   (no boots)
Stlth   ..........              t - amulet of guardian spirit
HPRegen 0.17/turn               g - ring of flight
MPRegen 0.10/turn               q - ring of positive energy

@: flying, glowing
A: permanent stasis, dig shafts and tunnels, antennae 3, four strong arms
a: Dig, Shaft Self, Renounce Religion


You were on level 7 of the Dungeon.
You worshipped the Shining One.
The Shining One was aware of your devotion.
You visited 1 branch of the dungeon, and saw 5 of its levels.

You collected 125 gold pieces.
You donated 8 gold pieces to Zin.

Inventory:

Hand Weapons
 a - a +0 long sword (weapon)
Armour
 b - a +0 scale mail (worn)
 c - a +0 buckler (worn)
Jewellery
 g - a ring of flight (left hand)
 q - a ring of positive energy (right hand)
 t - an amulet of guardian spirit (around neck)
Wands
 d - a wand of paralysis (1)
 s - a wand of flame (19)
Scrolls
 e - 2 scrolls of vulnerability {unknown}
 f - a scroll of enchant weapon {unknown}
 i - 2 scrolls of acquirement {unknown}
 j - a scroll of amnesia {unknown}
 m - a scroll of teleportation {unknown}
 n - 5 scrolls of identify {unknown}
 p - a scroll of noise {unknown}
 w - a scroll of enchant armour {unknown}
Potions
 h - a potion of flight {unknown}
 k - a potion of attraction {unknown}
 l - a potion of invisibility {unknown}
 o - a potion of lignification {unknown}
 r - a potion of berserk rage {unknown}
 u - a potion of mutation {unknown}
 v - a potion of cancellation {unknown}


   Skills:
 + Level 5.1 Fighting
 * Level 5.5 Long Blades
 - Level 3.2 Armour
 - Level 3.6 Shields


You had 5 spell levels left.
You didn't know any spells.
Your spell library contained the following spells:

 Spells                   Type           Power      Damage    Failure   Level
 Foxfire                  Conj/Fire      0%         2x1d4     77%         1
 Sandblast                Erth           0%         2d4       77%         1
 Passwall                 Tmut/Erth      0%         N/A       88%         2
 Conjure Flame            Conj/Fire      0%         6-21      98%         3
 Inner Flame              Hex/Fire       0%         N/A       98%         3
 Stone Arrow              Conj/Erth      0%         3d7       98%         3
 Airstrike                Air            0%         N/A       100%        4
 Flame Wave               Conj/Fire      0%         3d3       100%        4
 Fulminant Prism          Conj/Hex       0%         3d6       100%        4
 Starburst                Conj/Fire      0%         6d3       100%        6


Dungeon Overview and Level Annotations

Branches:
Dungeon (7/15)             Temple (0/1) D:7

Altars:
Elyvilon
Okawaru
Trog
Zin
The Shining One

Shops:
D:1 *

Annotations:
D:7 Joseph


Innate Abilities, Weirdness & Mutations

You cannot be hasted, slowed, berserked, paralysed or teleported.
You can dig through walls and to a lower floor.
You have a pair of large antennae on your head. (SInv)
Your four strong arms can wield two-handed weapons with a shield.


Message History

The ogre is no longer paralysed.
The ogre hits you with a +0 giant spiked club!
You hit the ogre.
The ogre is almost dead.
You block the ogre's attack.
Aiming: Paralyse
Press: ? - help, Shift-Dir - straight line, f/p - ogre
Aim: an ogre, wielding a +0 giant spiked club (almost dead, haloed, chance to affect: 46%)
The ogre suddenly stops moving!
You hit the ogre.
You kill the ogre!
Your Fighting skill increases to level 5!
Found a ring mail.
Things that are here:
a +0 giant spiked club; an ogre corpse
t - an amulet of guardian spirit You start putting on your amulet.
You continue putting on your amulet of guardian spirit. x5
You finish putting on your amulet of guardian spirit.
You feel your power drawn to a protective spirit.
t - an amulet of guardian spirit (around neck)
q - a ring of positive energy (right hand)
Found 15 arrows.
You now have 117 gold pieces (gained 8).
u - a fuming orange potion
Found 20 stones.
Found an escape hatch in the floor.
Found an iron altar of Okawaru.
v - a blue potion
w - a scroll labelled JEEXZA DAOF Joseph, a Mercenary comes into view.
He is wielding a +0 quarterstaff.
Joseph shouts!
Joseph unwields a +0 quarterstaff.
Joseph wields a +0 hunting sling.
Joseph shoots a sling bullet.
The sling bullet hits you!!
Joseph shoots a sling bullet.
The sling bullet hits you.
You see here 15 poisoned darts.
Joseph shoots a sling bullet.
The sling bullet hits you!!
Found 14 sling bullets and 14 gold pieces.
Joseph shoots a sling bullet.
The sling bullet hits you!!
You die...

#.## ##.# #..# #..# ...$
#..# #.## ...# . #..# #.#
(..# .. #..# #.# . ...#...
#.###.# .... .......
#.##..#..... ....#..
#.......#####..$.....
#....#####..@........
#....# ##.(......(....
#....# #..#..[........
#..#####.##.........#.
#.###....##..........@
###.# #...###...........
###...###(..##.........#.#
...............@......(._.
......#.....)..........#.


You could see Joseph.

Vanquished Creatures
  A wyvern (D:7)
  An ogre (D:7)
  A howler monkey zombie (D:7)
  3 adders
  A dart slug (D:1)
  6 ball pythons (D:1)
  3 bats (D:1)
  4 endoplasms
  5 giant cockroaches
  4 goblins
  A hobgoblin (D:1)
  2 quokkas (D:1)
  4 frilled lizards
  6 kobolds
  8 rats
50 creatures vanquished.

Notes
Turn   | Place    | Note
-------+----------+-------------------------------------------
     0 | D:1      | Rennog the Formicid Fighter began the quest for the Orb.
     0 | D:1      | Reached XP level 1. HP: 18/18 MP: 1/1
    32 | D:1      | Found Feg Cipp's Assorted Antiques.
    75 | D:1      | Got the Collected Works on the Damaging Birds
   117 | D:1      | Reached XP level 2. HP: 22/24 MP: 2/2
   194 | D:1      | Got the Almanac of the Arsonist
   625 | D:1      | Reached XP level 3. HP: 30/30 MP: 3/3
  1075 | D:1      | Found a faded altar of an unknown god.
  1227 | D:1      | Became a worshipper of Zin the Law-Giver
  1227 | D:1      | Reached * piety under Zin
  1458 | D:2      | Reached XP level 4. HP: 35/37 MP: 4/4
  1623 | D:2      | Reached ** piety under Zin
  1804 | D:3      | Found a white marble altar of Elyvilon.
  1811 | D:3      | Found a glowing silver altar of Zin.
  1817 | D:3      | Found a glowing golden altar of the Shining One.
  1837 | D:3      | Fell from the grace of Zin
  1837 | D:3      | Became a worshipper of the Shining One
  2013 | D:3      | Found a bloodstained altar of Trog.
  2017 | D:3      | You are sucked into a shaft and drop 1 floor!
  2017 | D:4      | Noticed a scorpion
  2020 | D:4      | You are sucked into a shaft and drop 3 floors!
  2243 | D:7      | Noticed a wyvern
  2260 | D:7      | Killed a wyvern
  2261 | D:7      | Reached skill level 5 in Long Blades
  2261 | D:7      | Reached XP level 5. HP: 29/43 MP: 5/5
  2261 | D:7      | Reached XP level 6. HP: 34/50 MP: 6/6
  2279 | D:7      | Reached * piety under the Shining One
  2383 | D:7      | Found a staircase to the Ecumenical Temple.
  2406 | D:7      | Noticed an ogre
  2422 | D:7      | Killed an ogre
  2423 | D:7      | Reached skill level 5 in Fighting
  2518 | D:7      | Found an iron altar of Okawaru.
  2524 | D:7      | Noticed Joseph
  2538 | D:7      | Shot with a sling bullet by Joseph

Illustrated notes

Levels and vault maps discovered:
D:1:      dpeg_arrival_stone_temple_mockup, layout_basic, serial_shops,
          nicolae_lakefront_shop, dreamdust_ecumenical_altar_hidden_monk_grotto,
          serial_rivers, chequers_serial_rivers_small_b,
          chequers_serial_rivers_micro_e, chequers_serial_rivers_room_b,
          chequers_serial_rivers_small_b
D:2:      layout_basic
D:3:      layout_loops_ring, good_gods_mini_temple,
          amethyst_overflow_temple_binary, gammafunk_ghost_nasty_kobolds,
          minmay_shallow_snake_nest, uniq_natasha
D:4:      layout_rooms, mainiacjoe_overflow_small_starburst, serial_shops,
          nicolae_stop_n_shop_1, uniq_blork_the_orc, uniq_grinder
D:7:      layout_rooms, kennysheep_little_box, lemuel_blue_sif_altar,
          okawaru_metal_pillars_1_2, lemuel_temple_firewalk_b, uniq_joseph

Skill      XL: |  1  2  3  4  5  6 |
---------------+-------------------+-----
Long Blades    | 3 5 |  5.5
Fighting       | 4 5 |  5.1
Armour         | |  3.2
Shields        | |  3.6

Action                   |  1- 3 |  4- 6 || total
-------------------------+-------+-------++-------
Melee: Long sword        |   116 |    57 ||   173
 Abil: Dig               |     2 |       ||     2
       Shaft Self        |       |     2 ||     2
Evoke: Wand              |       |     3 ||     3
  Use: Potion            |       |     1 ||     1
Armor: Scale mail        |    77 |    18 ||    95
Dodge: Dodged            |    69 |    24 ||    93
Block: Buckler           |    34 |    11 ||    45

Table legend: (Time is in decaauts)
 A = Elapsed time spent in this place.
 B = Non-inter-level travel time spent in this place.
 C = Inter-level travel time spent in this place.
 D = Time resting spent in this place.
 E = Time spent auto-exploring this place.
 F = Levels seen in this place.
 G = Mean time per level.
                   A        B        C        D        E       F      G
               +--------+--------+--------+--------+--------+-----+--------+
         Total |   2577 |   2386 |    191 |    198 |   1672 |   5 |  515.4 |
       Dungeon |   2577 |   2386 |    191 |    198 |   1672 |   5 |  515.4 |
               +--------+--------+--------+--------+--------+-----+--------+

Top non-repeatable levels by time:
     D:1: 1397 daAuts
     D:7: 519 daAuts
     D:2: 439 daAuts
     D:3: 217 daAuts
     D:4: 2 daAuts
